| TOP OF THE 1ST |
|
Billings Mustangs batting - Pitching for San Francisco (APP) Giants : LHP Diego Tellez
|
|
Pitching: LHP Diego Tellez
|
|
|
Batting: RHB Alex de Leon
|
0-0: Ball 1-0: Ground out U3 (Groundball, 34, EV 83.1 MPH)
|
|
Batting: SHB David Garnica
|
0-0: Ball 1-0: Foul Ball, location: 2F 1-1: SOLO HOME RUN (Flyball, 9D, EV 98.1 MPH), Distance : 395 ft
|
|
Batting: RHB Alex Villagomez
|
0-0: Foul Ball, location: 2F 0-1: Foul Ball, location: 2F 0-2: Strikes out looking
|
|
Batting: RHB Alex Juarez
|
0-0: Called Strike 0-1: Ground out 4-3 (Groundball, 34, EV 81.9 MPH)
|
| Top of the 1st over - 1 run, 1 hit, 0 errors, 0 left on base; Billings 1 - San Francisco (APP) 0 |
| BOTTOM OF THE 1ST |
|
San Francisco (APP) Giants batting - Pitching for Billings Mustangs : RHP Juan Oliveros
|
|
Pitching: RHP Juan Oliveros
|
|
|
Batting: LHB Eddie Lemus
|
0-0: Foul Ball, location: 2F 0-1: Ball 1-1: Ball 2-1: Ball 3-1: Fly out, F7 (Flyball, 7, EV 88.1 MPH)
|
|
Batting: RHB Noe Oliva
|
0-0: Called Strike 0-1: Foul Ball, location: 2F 0-2: Hit by Pitch
|
|
Batting: LHB Kuan Hsia
|
0-0: Ball Noe Oliva steals 2nd base 1-0: Ground out 4-3 (Groundball, 4, EV 85.0 MPH) Noe Oliva to third
|
|
Batting: RHB Ricky Aguilar
|
0-0: Called Strike 0-1: Ball 1-1: Called Strike 1-2: Ball 2-2: Foul Ball, location: 2F 2-2: Ball 3-2: Fly out, F3 (Popup, 3, EV 58.8 MPH)
|
| Bottom of the 1st over - 0 runs, 0 hits, 0 errors, 1 left on base; Billings 1 - San Francisco (APP) 0 |
| TOP OF THE 2ND |
|
Billings Mustangs batting - Pitching for San Francisco (APP) Giants : LHP Diego Tellez
|
|
Batting: RHB Gabriel Arias
|
0-0: Called Strike 0-1: Foul Ball, location: 2F 0-2: Strikes out swinging
|
|
Batting: SHB Gustavo Froio
|
0-0: Called Strike 0-1: Called Strike 0-2: Strikes out swinging
|
|
Batting: LHB Jose Cruz
|
0-0: Swinging Strike 0-1: Ball 1-1: DOUBLE (Flyball, 78XD, EV 110.6 MPH)
|
|
Batting: RHB Omar Garce
|
0-0: Ball 1-0: Called Strike 1-1: Called Strike 1-2: Fly out, F3 (Line Drive, 34, EV 68.1 MPH)
|
| Top of the 2nd over - 0 runs, 1 hit, 0 errors, 1 left on base; Billings 1 - San Francisco (APP) 0 |
| BOTTOM OF THE 2ND |
|
San Francisco (APP) Giants batting - Pitching for Billings Mustangs : RHP Juan Oliveros
|
|
Batting: RHB Chris Kulik
|
0-0: Ground out U3 (Groundball, 34D, EV 84.4 MPH)
|
|
Batting: RHB Azeem bin Zuhair
|
0-0: Ball 1-0: Ball 2-0: Ball 3-0: Base on Balls
|
|
Batting: RHB Rúbem Trancoso
|
0-0: Ball 1-0: Ball 2-0: Foul Ball, location: 2F 2-1: Grounds into double play, 6-4-3 (Groundball, 6, EV 90.6 MPH)
|
| Bottom of the 2nd over - 0 runs, 0 hits, 0 errors, 0 left on base; Billings 1 - San Francisco (APP) 0 |
| TOP OF THE 3RD |
|
Billings Mustangs batting - Pitching for San Francisco (APP) Giants : LHP Diego Tellez
|
|
Batting: RHB Will Trudeau
|
0-0: Ball 1-0: Swinging Strike 1-1: Swinging Strike 1-2: Fly out, F8 (Line Drive, 8LD, EV 95.0 MPH)
|
|
Batting: RHB Alex de Leon
|
0-0: Ball 1-0: Called Strike 1-1: Called Strike 1-2: Fly out, F8 (Flyball, 8LM, EV 91.2 MPH)
|
|
Batting: SHB David Garnica
|
0-0: Foul Ball, location: 2F 0-1: Ball 1-1: Ball 2-1: Foul Ball, location: 2F 2-2: Ball 3-2: SOLO HOME RUN (Flyball, 7D, EV 99.4 MPH), Distance : 390 ft
|
|
Batting: RHB Alex Villagomez
|
0-0: Called Strike 0-1: SINGLE (Line Drive, 34D, EV 96.9 MPH)
|
|
Batting: RHB Alex Juarez
|
0-0: Ball 1-0: Called Strike 1-1: Called Strike 1-2: Foul Ball, location: 2F 1-2: Foul Ball, location: 2F 1-2: SINGLE (Line Drive, 5D, EV 98.8 MPH) Alex Villagomez to second
|
|
Batting: RHB Gabriel Arias
|
0-0: Called Strike 0-1: Ball 1-1: Foul Ball, location: 2F 1-2: Foul Ball, location: 2F 1-2: Strikes out swinging
|
| Top of the 3rd over - 1 run, 3 hits, 0 errors, 2 left on base; Billings 2 - San Francisco (APP) 0 |
| BOTTOM OF THE 3RD |
|
San Francisco (APP) Giants batting - Pitching for Billings Mustangs : RHP Juan Oliveros
|
|
Batting: SHB Cedric Sweep
|
0-0: Reached on error, E4 (Groundball, 4, EV 102.5 MPH)
|
|
Batting: LHB Conrad van Gemert
|
0-0: Called Strike Cedric Sweep is caught stealing 2nd base 2-6 0-1: Ground out 6-3 (Groundball, 6M, EV 92.5 MPH)
|
|
Batting: LHB Eddie Lemus
|
0-0: Foul Ball, location: 2F 0-1: Ball 1-1: Foul Ball, location: 2F 1-2: Strikes out swinging
|
| Bottom of the 3rd over - 0 runs, 0 hits, 1 error, 0 left on base; Billings 2 - San Francisco (APP) 0 |
| TOP OF THE 4TH |
|
Billings Mustangs batting - Pitching for San Francisco (APP) Giants : LHP Diego Tellez
|
|
Batting: SHB Gustavo Froio
|
0-0: Foul Ball, location: 2F 0-1: Fly out, F8 (Flyball, 78D, EV 96.9 MPH)
|
|
Pitching: RHP Newt Reid
|
|
|
Batting: LHB Jose Cruz
|
0-0: Ball 1-0: Called Strike 1-1: Ground out 4-3 (Groundball, 4M, EV 84.4 MPH)
|
|
Batting: RHB Omar Garce
|
0-0: DOUBLE (Line Drive, 7LD, EV 110.0 MPH)
|
|
Batting: RHB Will Trudeau
|
0-0: Called Strike 0-1: Ball 1-1: Ball 2-1: Ball 3-1: Swinging Strike 3-2: Base on Balls
|
|
Batting: RHB Alex de Leon
|
0-0: Ball Wild Pitch! Omar Garce to third Will Trudeau to second 1-0: Foul Ball, location: 2F 1-1: Foul Ball, location: 2F 1-2: 3-RUN HOME RUN (Flyball, 9D, EV 96.2 MPH), Distance : 386 ft
|
|
Batting: SHB David Garnica
|
0-0: Called Strike 0-1: Ball 1-1: Ball 2-1: Ball 3-1: Swinging Strike 3-2: Foul Ball, location: 2F 3-2: SINGLE (Groundball, 25, EV 75.6 MPH) (infield hit)
|
|
Pitching: RHP Sam Green
|
|
|
Batting: RHB Alex Villagomez
|
0-0: Called Strike David Garnica steals 2nd base 0-1: Ball Wild Pitch! David Garnica to third 1-1: Foul Ball, location: 2F 1-2: Ground out 5-3 (Groundball, 56, EV 110.0 MPH)
|
| Top of the 4th over - 3 runs, 3 hits, 0 errors, 1 left on base; Billings 5 - San Francisco (APP) 0 |
| BOTTOM OF THE 4TH |
|
San Francisco (APP) Giants batting - Pitching for Billings Mustangs : RHP Juan Oliveros
|
|
Batting: RHB Noe Oliva
|
0-0: Foul Ball, location: 2F 0-1: Ball 1-1: Hit by Pitch
|
|
Batting: LHB Kuan Hsia
|
0-0: Ball 1-0: Foul Ball, location: 2F 1-1: Ball 2-1: Ball 3-1: Base on Balls Noe Oliva to second
|
|
Batting: RHB Ricky Aguilar
|
0-0: Called Strike 0-1: Ball 1-1: Ball 2-1: Fielders Choice at 2nd, 6-4 (Groundball, 6, EV 83.8 MPH) Noe Oliva to third
|
|
Batting: RHB Chris Kulik
|
0-0: Ball 1-0: Ball 2-0: Called Strike 2-1: Called Strike 2-2: Foul Ball, location: 2F 2-2: Grounds into double play, 6-4-3 (Groundball, 6, EV 81.9 MPH)
|
| Bottom of the 4th over - 0 runs, 0 hits, 0 errors, 1 left on base; Billings 5 - San Francisco (APP) 0 |
| TOP OF THE 5TH |
|
Billings Mustangs batting - Pitching for San Francisco (APP) Giants : RHP Sam Green
|
|
Batting: RHB Alex Juarez
|
0-0: Ball 1-0: Called Strike 1-1: Swinging Strike 1-2: DOUBLE (Line Drive, 8LXD, EV 111.2 MPH)
|
|
Batting: RHB Gabriel Arias
|
0-0: Called Strike 0-1: SINGLE (Line Drive, 3D, EV 93.8 MPH) Alex Juarez to third
|
|
Batting: SHB Gustavo Froio
|
0-0: Called Strike 0-1: Ball Gabriel Arias steals 2nd base 1-1: Ball 2-1: Ball 3-1: Swinging Strike 3-2: Base on Balls
|
|
Batting: LHB Jose Cruz
|
0-0: Ball 1-0: Ball 2-0: Ball 3-0: Called Strike 3-1: Base on Balls Alex Juarez scores Gabriel Arias to third Gustavo Froio to second
|
|
Batting: RHB Omar Garce
|
0-0: Called Strike 0-1: Ball 1-1: Swinging Strike 1-2: Ball 2-2: Foul Ball, location: 2F 2-2: Ball 3-2: Foul Ball, location: 2F 3-2: Base on Balls Gabriel Arias scores Gustavo Froio to third Jose Cruz to second
|
|
Batting: RHB Will Trudeau
|
0-0: Ball 1-0: Foul Ball, location: 2F 1-1: Ball 2-1: Ball 3-1: Base on Balls Gustavo Froio scores Jose Cruz to third Omar Garce to second
|
|
Batting: RHB Alex de Leon
|
0-0: Called Strike 0-1: Foul Ball, location: 2F 0-2: Ball 1-2: Foul Ball, location: 2F 1-2: Strikes out looking
|
|
Batting: SHB David Garnica
|
0-0: Ball 1-0: Ball 2-0: Ball 3-0: Base on Balls Jose Cruz scores Omar Garce to third Will Trudeau to second
|
|
Batting: RHB Alex Villagomez
|
0-0: Ball 1-0: Ball 2-0: Called Strike 2-1: SINGLE (Groundball, 3D, EV 96.2 MPH) Omar Garce scores Will Trudeau to third David Garnica to second Runner from 3rd tries for Home, throw by RF and OUT! 9-2 David Garnica to third Alex Villagomez to second
|
|
Pitching: RHP Corey Foster
|
|
|
Batting: RHB Alex Juarez
|
0-0: Ball 1-0: Reached on error, E5 (Groundball, 56, EV 99.4 MPH) David Garnica scores Alex Villagomez to third
|
|
Batting: RHB Gabriel Arias
|
0-0: Ball 1-0: Fly out, F6 (Popup, 6M, EV 60.0 MPH)
|
| Top of the 5th over - 6 runs, 3 hits, 1 error, 2 left on base; Billings 11 - San Francisco (APP) 0 |
| BOTTOM OF THE 5TH |
|
San Francisco (APP) Giants batting - Pitching for Billings Mustangs : RHP Juan Oliveros
|
|
Batting: RHB Azeem bin Zuhair
|
0-0: SINGLE (Line Drive, 8RS, EV 95.6 MPH)
|
|
Batting: RHB Rúbem Trancoso
|
0-0: Ball 1-0: Ball Pickoff Throw by Catcher to First - Out! 2-0: Called Strike 2-1: Ball 3-1: Base on Balls
|
|
Batting: SHB Cedric Sweep
|
0-0: Ball 1-0: Foul Ball, location: 2F 1-1: Swinging Strike 1-2: Ball 2-2: Ball 3-2: Strikes out swinging
|
|
Batting: LHB Conrad van Gemert
|
0-0: Called Strike 0-1: Swinging Strike 0-2: Foul Ball, location: 2F 0-2: Fly out, F7 (Line Drive, 78M, EV 88.1 MPH)
|
| Bottom of the 5th over - 0 runs, 1 hit, 0 errors, 1 left on base; Billings 11 - San Francisco (APP) 0 |
| TOP OF THE 6TH |
|
Billings Mustangs batting - Pitching for San Francisco (APP) Giants : RHP Corey Foster
|
|
Batting: SHB Gustavo Froio
|
0-0: Called Strike 0-1: Ball 1-1: Called Strike 1-2: Ground out 1-3 (Groundball, 15S, EV 65.6 MPH)
|
|
Batting: LHB Jose Cruz
|
0-0: Ball 1-0: Fly out, F3 (Line Drive, 3, EV 72.5 MPH)
|
|
Batting: RHB Omar Garce
|
0-0: Called Strike 0-1: Ball 1-1: Foul Ball, location: 2F 1-2: Ball 2-2: Ball 3-2: Ground out 4-3 (Groundball, 4M, EV 86.2 MPH)
|
| Top of the 6th over - 0 runs, 0 hits, 0 errors, 0 left on base; Billings 11 - San Francisco (APP) 0 |
| BOTTOM OF THE 6TH |
|
San Francisco (APP) Giants batting - Pitching for Billings Mustangs : RHP Juan Oliveros
|
|
Batting: LHB Eddie Lemus
|
0-0: Foul Ball, location: 2F 0-1: Ground out 6-3 (Groundball, 56D, EV 89.4 MPH)
|
|
Batting: RHB Noe Oliva
|
0-0: Ball 1-0: Foul Ball, location: 2F 1-1: Called Strike 1-2: Foul Ball, location: 2F 1-2: Foul Ball, location: 2F 1-2: Foul Ball, location: 2F 1-2: Ball 2-2: Ball 3-2: SINGLE (Groundball, 56D, EV 97.5 MPH)
|
|
Batting: LHB Kuan Hsia
|
0-0: Ball Noe Oliva steals 2nd base 1-0: Ball 2-0: Called Strike 2-1: Foul Ball, location: 2F 2-2: Ball 3-2: Base on Balls
|
|
Batting: RHB Ricky Aguilar
|
0-0: Ball 1-0: Called Strike 1-1: Foul Ball, location: 2F 1-2: Foul Ball, location: 2F 1-2: Fielders Choice at 2nd, 1-6 (Groundball, 13S, EV 72.5 MPH) Noe Oliva to third
|
|
Pitching: RHP Jeff Buchanan
|
|
|
Batting: RHB Chris Kulik
|
0-0: Ball 1-0: Called Strike 1-1: Ball 2-1: Called Strike 2-2: Strikes out swinging
|
| Bottom of the 6th over - 0 runs, 1 hit, 0 errors, 2 left on base; Billings 11 - San Francisco (APP) 0 |
| TOP OF THE 7TH |
|
Billings Mustangs batting - Pitching for San Francisco (APP) Giants : RHP Corey Foster
|
|
Batting: RHB Will Trudeau
|
0-0: DOUBLE (Line Drive, 78M, EV 91.9 MPH)
|
|
Batting: RHB Alex de Leon
|
0-0: Ball 1-0: Ball 2-0: Ball 3-0: Base on Balls
|
|
Pitching: RHP Russ Hudson
|
|
|
Pinch Hitting: RHB Ben Burkholder
|
0-0: Ball 1-0: Ball 2-0: Called Strike 2-1: Fly out, F7 (Flyball, 7S, EV 90.6 MPH)
|
|
Batting: RHB Alex Villagomez
|
0-0: SINGLE (Line Drive, 89M, EV 90.6 MPH) Will Trudeau to third Alex de Leon to second
|
|
Batting: RHB Alex Juarez
|
0-0: Foul Ball, location: 2F 0-1: Foul Ball, location: 2F 0-2: Strikes out swinging
|
|
Batting: RHB Gabriel Arias
|
0-0: Ball 1-0: Ball Passed Ball! Will Trudeau scores Alex de Leon to third Alex Villagomez to second 2-0: Called Strike 2-1: Foul Ball, location: 2F 2-2: Ball 3-2: Base on Balls
|
|
Batting: SHB Gustavo Froio
|
0-0: Foul Ball, location: 2F 0-1: Foul Ball, location: 2F 0-2: Ball 1-2: Ball 2-2: Fly out, F9 (Flyball, 9D, EV 101.9 MPH)
|
| Top of the 7th over - 1 run, 2 hits, 0 errors, 3 left on base; Billings 12 - San Francisco (APP) 0 |
| BOTTOM OF THE 7TH |
|
San Francisco (APP) Giants batting - Pitching for Billings Mustangs : RHP Jeff Buchanan
|
|
Now in RF: Ben Burkholder
|
|
|
Batting: RHB Azeem bin Zuhair
|
0-0: Called Strike 0-1: Called Strike 0-2: Ball 1-2: Strikes out looking
|
|
Batting: RHB Rúbem Trancoso
|
0-0: Foul Ball, location: 2F 0-1: Foul Ball, location: 2F 0-2: Foul Ball, location: 2F 0-2: Ball 1-2: Foul Ball, location: 2F 1-2: Strikes out swinging
|
|
Batting: SHB Cedric Sweep
|
0-0: Ball 1-0: Ground out 4-3 (Groundball, 4, EV 95.6 MPH)
|
| Bottom of the 7th over - 0 runs, 0 hits, 0 errors, 0 left on base; Billings 12 - San Francisco (APP) 0 |
| TOP OF THE 8TH |
|
Billings Mustangs batting - Pitching for San Francisco (APP) Giants : RHP Russ Hudson
|
|
Pitching: LHP Ken Cromsie
|
|
|
Batting: LHB Jose Cruz
|
0-0: Foul Ball, location: 2F 0-1: Ball 1-1: Called Strike 1-2: Strikes out swinging
|
|
Batting: RHB Omar Garce
|
0-0: Called Strike 0-1: Swinging Strike 0-2: Strikes out looking
|
|
Batting: RHB Will Trudeau
|
0-0: Called Strike 0-1: Ball 1-1: Ball 2-1: Ball 3-1: SINGLE (Groundball, 6MS, EV 71.9 MPH) (infield hit)
|
|
Batting: RHB Alex de Leon
|
0-0: Called Strike 0-1: Ball 1-1: Ball 2-1: Foul Ball, location: 2F 2-2: Ball 3-2: Base on Balls Will Trudeau to second
|
|
Batting: RHB Ben Burkholder
|
0-0: Ball 1-0: Ball 2-0: Ball 3-0: Base on Balls Will Trudeau to third Alex de Leon to second
|
|
Batting: RHB Alex Villagomez
|
0-0: Ball Wild Pitch! Will Trudeau scores Alex de Leon to third Ben Burkholder to second 1-0: Foul Ball, location: 2F 1-1: SINGLE (Line Drive, 7S, EV 104.4 MPH) Alex de Leon scores Ben Burkholder to third Runner from 3rd tries for Home, SAFE, throw by LF to home
|
|
Batting: RHB Alex Juarez
|
0-0: Called Strike 0-1: Ball 1-1: Foul Ball, location: 2F 1-2: Strikes out looking
|
| Top of the 8th over - 3 runs, 2 hits, 0 errors, 1 left on base; Billings 15 - San Francisco (APP) 0 |
| BOTTOM OF THE 8TH |
|
San Francisco (APP) Giants batting - Pitching for Billings Mustangs : RHP Jeff Buchanan
|
|
Batting: LHB Conrad van Gemert
|
0-0: Called Strike 0-1: Ball 1-1: Ball 2-1: Ball 3-1: Called Strike 3-2: Strikes out swinging
|
|
Batting: LHB Eddie Lemus
|
0-0: Ball 1-0: SINGLE (Line Drive, 8LS, EV 97.5 MPH)
|
|
Batting: RHB Noe Oliva
|
0-0: Ball 1-0: Ball 2-0: Called Strike 2-1: Ball Wild Pitch! Eddie Lemus to second 3-1: Base on Balls
|
|
Pitching: RHP Bayani Blanco
|
|
|
Batting: LHB Kuan Hsia
|
0-0: Ball 1-0: Ball 2-0: Ball 3-0: Called Strike 3-1: Base on Balls Eddie Lemus to third Noe Oliva to second
|
|
Batting: RHB Ricky Aguilar
|
0-0: Foul Ball, location: 2F 0-1: Foul Ball, location: 2F 0-2: Fielders Choice at 2nd, 6-4 (Groundball, 6, EV 82.5 MPH) Eddie Lemus scores Noe Oliva to third
|
|
Batting: RHB Chris Kulik
|
0-0: Ball 1-0: Called Strike 1-1: Ball 2-1: Foul Ball, location: 2F 2-2: Strikes out looking
|
| Bottom of the 8th over - 1 run, 1 hit, 0 errors, 2 left on base; Billings 15 - San Francisco (APP) 1 |
| TOP OF THE 9TH |
|
Billings Mustangs batting - Pitching for San Francisco (APP) Giants : LHP Ken Cromsie
|
|
Batting: RHB Gabriel Arias
|
0-0: Ball 1-0: DOUBLE (Flyball, 89XD, EV 91.9 MPH)
|
|
Batting: SHB Gustavo Froio
|
0-0: Hit by Pitch
|
|
Batting: LHB Jose Cruz
|
0-0: Fly out, F8 (Flyball, 78D, EV 86.2 MPH)
|
|
Batting: RHB Omar Garce
|
0-0: Ball 1-0: Swinging Strike 1-1: Ball 2-1: Ball 3-1: Base on Balls Gabriel Arias to third Gustavo Froio to second
|
|
Batting: RHB Will Trudeau
|
0-0: Ball 1-0: Ball 2-0: Ball 3-0: Called Strike 3-1: Called Strike 3-2: Base on Balls Gabriel Arias scores Gustavo Froio to third Omar Garce to second
|
|
Batting: RHB Alex de Leon
|
0-0: Ball 1-0: SINGLE (Groundball, 4, EV 97.5 MPH) Gustavo Froio scores Omar Garce to third Will Trudeau to second Runner from 3rd tries for Home, SAFE, throw by CF to home
|
|
Batting: RHB Ben Burkholder
|
0-0: Hit by Pitch Will Trudeau to third Alex de Leon to second
|
|
Batting: RHB Alex Villagomez
|
0-0: Called Strike 0-1: Reached on error, E6 (Groundball, 6, EV 88.1 MPH) Will Trudeau scores Alex de Leon to third Ben Burkholder to second
|
|
Batting: RHB Alex Juarez
|
0-0: Ball 1-0: Ball 2-0: Ball 3-0: Called Strike 3-1: Base on Balls Alex de Leon scores Ben Burkholder to third Alex Villagomez to second
|
|
Batting: RHB Gabriel Arias
|
0-0: SINGLE (Groundball, 6MD, EV 106.2 MPH) Ben Burkholder scores Alex Villagomez to third Alex Juarez to second
|
|
Batting: SHB Gustavo Froio
|
0-0: GRAND SLAM HOME RUN (Flyball, 9LD, EV 95.6 MPH), Distance : 343 ft
|
|
Batting: LHB Jose Cruz
|
0-0: Foul Ball, location: 2F 0-1: Swinging Strike 0-2: Strikes out swinging
|
|
Batting: RHB Omar Garce
|
0-0: Ball 1-0: Ball 2-0: Ground out 3-1 (Groundball, 34, EV 101.2 MPH)
|
| Top of the 9th over - 10 runs, 4 hits, 1 error, 0 left on base; Billings 25 - San Francisco (APP) 1 |
| BOTTOM OF THE 9TH |
|
San Francisco (APP) Giants batting - Pitching for Billings Mustangs : RHP Bayani Blanco
|
|
Batting: RHB Azeem bin Zuhair
|
0-0: Ground out 6-3 (Groundball, 6, EV 81.2 MPH)
|
|
Batting: RHB Rúbem Trancoso
|
0-0: Ball 1-0: Foul Ball, location: 2F 1-1: Fly out, F7 (Flyball, 7S, EV 77.5 MPH)
|
|
Batting: SHB Cedric Sweep
|
0-0: Ball 1-0: Swinging Strike 1-1: Swinging Strike 1-2: Foul Ball, location: 2F 1-2: Ball 2-2: Ball 3-2: Foul Ball, location: 2F 3-2: Foul Ball, location: 2F 3-2: Ground out U3 (Groundball, 34, EV 105.6 MPH)
|
| Bottom of the 9th over - 0 runs, 0 hits, 0 errors, 0 left on base; Billings 25 - San Francisco (APP) 1 |
|